 Dungeon Crawl Stone Soup version 0.23.2-40-g277498a001 (webtiles) character file.

Game seed: 18281048622645422875

136 Descartes the Digger (level 5, -1/37 HPs)
             Began as a Formicid Earth Elementalist on Aug 25, 2019.
             Slain by an orc
             ... wielding a +0 hand axe
              (3 damage)
             ... on level 2 of the Dungeon.
             The game lasted 00:10:24 (3940 turns).

Descartes the Digger (Formicid Earth Elementalist)  Turns: 3940, Time: 00:10:25

Health: -1/37      AC:  6    Str: 13    XL:     5   Next: 43%
Magic:  2/9        EV: 11    Int: 15    God:
Gold:   216        SH:  0    Dex: 11    Spells: 3/9 levels left

rFire    . . .     SeeInvis +   s - +0 short sword
rCold    . . .     Gourm    .   (no shield)
rNeg     . . .     Faith    .   t - +0 ring mail {MR+}
rPois    .         Spirit   .   (helmet unavailable)
rElec    .         Reflect  .   (no cloak)
rCorr    .         Harm     .   (no gloves)
MR       +....                  w - +0 pair of boots
Stlth    +++.......             (no amulet)
HPRegen  0.12/turn              l - ring of stealth
MPRegen  0.11/turn              (no ring)

@: lethally poisoned (-1 -> -3), very slightly contaminated
A: permanent stasis, dig shafts and tunnels, four strong arms, antennae 3
a: Dig, Shaft Self


You were on level 2 of the Dungeon.
You were very hungry.

You visited 1 branch of the dungeon, and saw 3 of its levels.

You collected 216 gold pieces.

Inventory:

Hand Weapons
 s - a +0 short sword (weapon)
Missiles
 b - 131 stones (quivered)
 h - 21 poisoned needles
 i - 18 arrows
 x - 5 javelins
 D - 8 tomahawks of returning
Armour
 k - a +0 plate armour
 t - a +0 ring mail of magic resistance (worn)
 w - a +0 pair of boots (worn)
 B - a +0 ring mail
Jewellery
 l - a ring of stealth (left hand)
Scrolls
 c - 2 scrolls of remove curse {unknown}
 f - a scroll of amnesia {unknown}
 g - 2 scrolls of fog {unknown}
 j - a scroll of blinking {unknown}
 m - a scroll of noise {unknown}
 q - a scroll of fear {unknown}
 r - a scroll of magic mapping {unknown}
 v - a scroll of enchant armour {unknown}
 y - a scroll of enchant weapon {unknown}
 A - a scroll of random uselessness {unknown}
 C - a scroll of identify {unknown}
Potions
 a - 2 potions of cancellation {unknown}
 n - a potion of berserk rage {unknown}
 o - 2 potions of might
 p - a potion of agility {unknown}
 u - a potion of curing {unknown}
 z - a potion of lignification {unknown}
Comestibles
 d - 4 rations


   Skills:
 + Level 1.4 Fighting
 + Level 1.0 Short Blades
 + Level 1.7 Armour
 + Level 2.3 Dodging
 + Level 3.3 Stealth
 + Level 2.7 Spellcasting
 + Level 0.5 Conjurations
 + Level 1.5 Transmutations
 + Level 4.1 Earth Magic


You had 3 spell levels left.
You knew the following spells:

 Your Spells              Type           Power        Failure   Level  Hunger
a - Sandblast             Erth           ##....       8%          1    #......
b - Stone Arrow           Conj/Erth      #.....       45%         3    ###....
c - Passwall              Tmut/Erth      ##......     21%         2    ##.....

Your spell library contained the following spells:

 Spells                   Type           Power        Failure   Level  Hunger
 Petrify                  Tmut/Erth      ##......     80%         4    #####..
 Lee's Rapid Deconstruct  Erth           ##........   91%         5    ######.


Dungeon Overview and Level Annotations

Branches:
Dungeon (3/15)

Altars:

Annotations:
D:2 Sigmund


Innate Abilities, Weirdness & Mutations

You cannot be hasted, slowed, berserked, paralysed or teleported.
You can dig through walls and to a lower floor.
Your four strong arms can wield two-handed weapons with a shield.
You have a pair of large antennae on your head. (SInv)


Message History

Confirm with . or Enter, or press ? or * to list all spells.
Aiming: Sandblast (safe; 8% risk of failure)
Press: ? - help, Shift-Dir - straight line, f/p - orc
Aim: an orc, wielding a +0 hand axe and wearing a +0 ring mail (lightly wounded)
The blast of sand hits the orc.
The orc is heavily wounded.
b - 132 stones
* * * LOW HITPOINT WARNING * * *
You feel sick. The orc misses you.
Unknown command.
Casting: Sandblast (safe; 8% risk of failure)
Confirm with . or Enter, or press ? or * to list all spells.
Aiming: Sandblast (safe; 8% risk of failure)
Press: ? - help, Shift-Dir - straight line, f/p - orc
Aim: an orc, wielding a +0 hand axe and wearing a +0 ring mail (heavily wounded)
The blast of sand hits the orc but does no damage.
The orc is heavily wounded.
b - 131 stones The orc hits you with a +0 hand axe.
You die...

......'......# #.#.#
.....[###..#.####.#.#
#.................#.#
#.########...######.#
#.# #######.........#
#.# #.........#######
#.# #.........# ..#
#.........#####
'#######....>.(o@(#
.......#.<....###.#
.......#......###.#
.......#......'.#.#
####...#......#.#.#
#...#......#.#.#
#...########.#.#
#...# #.#.#########
#...# #.#.........#


You could see an orc.

Vanquished Creatures
  4 adders (D:2)
  3 oozes
  2 worms (D:2)
  4 dart slugs
  A leopard gecko (D:1)
  2 orcs
  A ball python (D:2)
  5 bats
  2 giant cockroaches
  12 goblins
  7 hobgoblins
  7 jackals
  4 kobolds
  7 frilled lizards
  10 rats
71 creatures vanquished.

Notes
Turn   | Place    | Note
-------+----------+-------------------------------------------
     0 | D:1      | Descartes the Formicid Earth Elementalist began the quest
                  | for the Orb.
     0 | D:1      | Reached XP level 1. HP: 13/13 MP: 3/3
   309 | D:1      | Reached XP level 2. HP: 5/20 MP: 5/5
   608 | D:1      | Reached skill level 1 in Armour
   750 | D:1      | Reached XP level 3. HP: 19/25 MP: 6/6
  1878 | D:1      | Reached skill level 1 in Fighting
  1878 | D:1      | Reached XP level 4. HP: 22/32 MP: 7/7
  1916 | D:1      | Learned a level 3 spell: Stone Arrow
  1919 | D:1      | Learned a level 2 spell: Passwall
  2040 | D:1      | Reached skill level 4 in Earth Magic
  2868 | D:2      | Reached XP level 5. HP: 30/37 MP: 7/9
  2998 | D:2      | Reached skill level 1 in Short Blades
  3029 | D:2      | Noticed Sigmund
  3939 | D:2      | HP: 1/37 [poisoned by an adder]
  3940 | D:2      | Slain by an orc

Skill      XL: |  1  2  3  4  5 |
---------------+----------------+-----
Dodging        | 2 |  2.3
Armour         | 1 |  1.7
Stealth        | 3 |  3.3
Fighting       | 1 |  1.4
Earth Magic    | 4 |  4.1
Short Blades   | 1 |  1.0
Spellcasting   | |  2.7
Conjurations   | |  0.5
Transmutations | |  1.5

Action                   |  1- 3 |  4- 6 || total
-------------------------+-------+-------++-------
Melee: Unarmed           |    21 |       ||    21
       Dagger            |   149 |    37 ||   186
       Short sword       |       |   111 ||   111
 Cast: Sandblast         |     7 |    21 ||    28
 Abil: Dig               |       |     2 ||     2
 Stab: Sleeping          |     1 |     3 ||     4
  Eat: Chunk             |     3 |     6 ||     9
Armor: Robe              |     7 |       ||     7
       Leather armour    |    38 |    39 ||    77
       Ring mail         |       |     9 ||     9
Dodge: Dodged            |   127 |   121 ||   248
